 Dungeon Crawl Stone Soup version 0.27.0-1-g7a089689b8 (webtiles) character file.

Game seed: 2807692568260377984

97 inmateoo the Ruffian (level 4, -1/37 HPs)
             Began as a Draconian Transmuter on Aug 2, 2021.
             Slain by an orc (3 damage)
             ... on level 3 of the Dungeon.
             The game lasted 00:02:58 (2262 turns).

inmateoo the Ruffian (Draconian Transmuter)         Turns: 2262, Time: 00:02:58

Health: -1/37      AC:  2    Str: 12    XL:     4   Next: 42%
Magic:  2/7        EV: 19    Int: 15    God:
Gold:   120        SH:  0    Dex: 16    Spells: 1/7 levels left

rFire    . . .     SeeInvis .     - Unarmed
rCold    . . .     Faith    .   (shield currently unavailable)
rNeg     . . .     Spirit   .   (armour unavailable)
rPois    x         Reflect  .   (helmet currently unavailable)
rElec    .         Harm     .   (cloak currently unavailable)
rCorr    .         Rampage  .   (gloves currently unavailable)
Will     .....                  (boots currently unavailable)
Stlth    +.........             (no amulet)
HPRegen  0.12/turn              (no ring)
MPRegen  0.10/turn              (no ring)

@: spider-form (expiring), weak-willed, wereblooded
A: venomous fangs, AC +5, tiny, unfitting armour, (cold-blooded), (hooves 1)
a: End Transformation


You were on level 3 of the Dungeon.
You were a venomous arachnid creature.
You visited 1 branch of the dungeon, and saw 4 of its levels.

You collected 120 gold pieces.

Inventory:

Jewellery
 b - a ring of flight
Scrolls
 c - a scroll of magic mapping
 e - a scroll of identify
 h - a scroll of enchant armour


   Skills:
 * Level 2.6 Fighting
 + Level 2.2 Dodging
 * Level 3.8 Unarmed Combat
 + Level 2.4 Spellcasting
 + Level 2.4 Transmutations
 + Level 0.1 Poison Magic


You had one spell level left.
You knew the following spells:

 Your Spells              Type           Power      Damage    Failure   Level
a - Beastly Appendage     Tmut           18%        N/A       21%         1
b - Wereblood             Tmut           9%         N/A       28%         2
c - Spider Form           Tmut/Pois      2%         N/A       58%         3

Your spell library contained the following spells:

 Spells                   Type           Power      Damage    Failure   Level
 Ice Form                 Ice/Tmut       5%         N/A       91%         4


Dungeon Overview and Level Annotations

Branches:
Dungeon (4/15)
 Temple: D:4-7

Altars:
The Shining One

Annotations:
D:3 1 runed translucent door, Raspi's ghost, amateur HOFi


Innate Abilities, Weirdness & Mutations

You are a venomous arachnid creature.
You have poisonous fangs.
You are tiny and dextrous.
Your spellcasting is less reliable in this form.
Your armour is entirely melded.
You are incapable of wielding weapons or throwing items.
((Your plain brown scales are hard. (AC +5)))
You cannot fit into any form of body armour.
((You are cold-blooded and may be slowed by cold attacks.))
((You have large cloven feet.))


Message History

Found a stone staircase leading up.
Unknown command.
The gnoll shouts!
There is a stone staircase leading up here.
You climb upwards.
Level annotation: 1 runed translucent door, Raspi's ghost, amateur HOFi An orc comes into view.
It is wielding a +0 mace.
There is a stone staircase leading down here.
You aren't carrying any items that you can evoke.
Unknown command.
You aren't carrying any potions.
Unknown command.
As you read the scroll labelled UCOUXZ HIERIFI, it crumbles to dust.
It is a scroll of identify.
h - a scroll of enchant armour The orc shouts!
As you read the scroll labelled CUUTUASOFA, it crumbles to dust.
Magic quickly surges around you.
It was a scroll of vulnerability.
Casting: Wereblood (safe; 12% risk of failure)
Confirm with . or Enter, or press ? or * to list all spells.
The spell is quite dangerous to cast (36% risk of failure)!
Continue anyway?
You turn into a venomous arachnid creature.
The orc priest begins to cast a cantrip, but forgets the words!
Casting: Spider Form (extremely dangerous; 58% risk of failure)
Confirm with . or Enter, or press ? or * to list all spells.
Your blood is infused with primal strength.
You hit the orc priest but do no damage.
The orc priest is poisoned.
The orc priest completely misses you.
You hit the orc priest but do no damage.
The orc priest is lightly wounded.
The orc priest hits you with a +0 club.
* * * LOW HITPOINT WARNING * * *
The orc misses you.
You hit the orc priest.
The orc priest looks as sick as possible!
The orc priest is moderately wounded.
The orc priest hits you with a +0 club.
* * * LOW HITPOINT WARNING * * *
The orc hits you with a +0 short sword.
You die...

#.........# #.
#.........# #<
#<.>......# # #.
#.........# #. #.
#.........# .. #.
#.........# #.#.
#...o.....#
###...######.w.os./..#
......>.....B...o....#
##########†#.........#
.# #..##.......##
..#######....#......#
#.....##).##..#####.#
##.......####(..# .#
...###...# ###..# .#
###....#...... ..


You could see an orc priest (extremely poisoned, weak-willed), a dart slug
(weak-willed), 2 orcs and a giant cockroach.

Vanquished Creatures
  2 adders
  A worm (D:2)
  A dart slug (D:1)
  2 orcs (D:3)
  6 endoplasms
  3 giant cockroaches
  6 goblins
  5 hobgoblins
  10 jackals
  4 kobolds
  2 quokkas
  8 ball pythons
  4 bats
  4 frilled lizards
  5 rats
63 creatures vanquished.

Notes
Turn   | Place    | Note
-------+----------+-------------------------------------------
     0 | D:1      | inmateoo the Draconian Transmuter began the quest for the
                  | Orb.
     0 | D:1      | Reached XP level 1. HP: 16/16 MP: 3/3
    88 | D:1      | Found a faded altar of an unknown god.
   136 | D:1      | Reached XP level 2. HP: 21/23 MP: 5/5
   924 | D:1      | Reached XP level 3. HP: 21/29 MP: 4/6
  1449 | D:2      | Learned a level 2 spell: Wereblood
  1453 | D:2      | Learned a level 3 spell: Spider Form
  1894 | D:3      | Reached XP level 4. HP: 34/37 MP: 5/7
  1911 | D:3      | Found a runed translucent door.
  1921 | D:3      | Noticed Raspi's ghost (amateur HOFi)
  2127 | D:3      | Found a glowing golden altar of the Shining One.
  2218 | D:4      | Noticed an ogre
  2233 | D:4      | Gained mutation: You have large cloven feet. [potion of
                  | mutation]
  2262 | D:3      | Slain by an orc

Illustrated notes

Levels and vault maps discovered:
D:1:      minmay_arrival_loop, layout_basic,
          chequers_ecumenical_altar_simple_redux
D:2:      layout_rooms
D:3:      layout_rooms, tso_oasis_becter, ebering_ghost_sewer_d,
          minmay_box_of_dots
D:4:      layout_cave_pods, gup_sewer_entry_bowl

Skill      XL: |  1  2  3 |
---------------+----------+-----
Dodging        | 2 |  2.2
Fighting       | 2 |  2.6
Unarmed Combat | |  3.8
Spellcasting   | |  2.4
Transmutations | |  2.4
Poison Magic   | |  0.1

Action                   |  1- 3 |  4- 6 || total
-------------------------+-------+-------++-------
Melee: Unarmed           |   152 |    48 ||   200
       Kick              |    18 |     2 ||    20
       Tailslap          |    13 |     2 ||    15
       Headbutt          |    14 |     5 ||    19
       Punch             |     1 |       ||     1
 Cast: Beastly Appendage |    18 |     7 ||    25
       Wereblood         |       |     2 ||     2
       Spider Form       |       |     1 ||     1
  Use: Scroll            |       |     6 ||     6
       Potion            |       |     2 ||     2
Armor: Skin              |    65 |    18 ||    83
Dodge: Dodged            |   116 |    33 ||   149
